Map: Opérations galactiques EC

Players

HashTagPWN

  • Race: Zerg Zerg
  • League: Diamond

Worming - Winner!

  • Race: Zerg Zerg
  • League: Diamond

VOD

Have the link to the VOD?

Description

Time

  • Played on: Oct. 9, 2016, 9:07 a.m.
  • Length: 10:04
Show
View Real Time Build Order
Export as new Build Order

HashTagPWN Zerg 

Build Orders: Hatch First, Zergling Baneling 

Get SALT Encoding   

  12  0:01  Drone  
  13  0:13  Overlord  
  13  0:18  Drone  
  14  0:31  Drone x2  
  16  0:36  Drone  
  17  0:52  Hatchery  
  17  0:57  Drone  
  17  0:59  Drone  
  17  1:03  Extractor  
  17  1:10  Drone  
  18  1:20  Spawning Pool  
  18  1:23  Drone  
  18  1:30  Drone  
  19  1:40  Overlord  
  19  2:07  Queen x2  
  19  2:08  Zergling x4  
  25  2:09  Metabolic Boost  
  25  2:13  Drone  
  26  2:16  Drone  
  26  2:20  Drone  
  28  2:24  Drone  
  29  2:30  Zergling x2  
  29  2:35  Baneling Nest  
  29  2:39  Evolution Chamber  
  28  2:45  Drone  
  28  2:46  Drone  
  28  2:47  Drone  
  31  2:53  Drone  
  32  3:00  Overlord  
  32  3:06  Drone x2  
  32  3:09  Zerg Melee Weapons Level 1  
  32  3:12  Zergling x2  
  35  3:15  Zergling x2  
  36  3:23  Zergling x8  
  36  3:26  Zergling x4  
  40  3:32  Drone  
  40  3:35  Zergling x2  
  40  3:38  Baneling x2  
  40  3:41  Overlord  
  41  3:51  Overlord  
  41  3:59  Baneling x3  
  41  4:00  Zergling x6  
  44  4:09  Overlord  
  44  4:13  Drone  
  44  4:14  Drone x3  
  48  4:18  Baneling x3  
  48  4:23  Drone x4  
  52  4:31  Baneling x2  
  51  4:36  Extractor, Roach Warren  
  51  4:37  Extractor  
  48  4:50  Zergling x6  
  48  4:51  Zergling x4  
  48  4:55  Zergling x2  
  48  4:56  Zergling x10  
  48  4:57  Zergling x2  
  51  5:02  Zergling x2  
  50  5:09  Zergling x4  
  52  5:19  Drone  
  53  5:22  Baneling x5  
  53  5:23  Baneling  
  53  5:24  Zergling x2, Hatchery  
  53  5:33  Zergling x10  
  53  5:34  Zergling x2  
  59  5:39  Zergling x2  
  59  5:42  Drone  
  56  5:50  Zergling x4  
  51  6:02  Drone x2  
  50  6:08  Baneling x5  
  50  6:09  Baneling x3  
  50  6:12  Drone x3  
  50  6:16  Drone x3, Extractor  
  55  6:20  Lair  
  54  6:28  Zergling x4  
  48  6:34  Zergling x2  
  48  6:37  Queen  
  48  6:39  Zergling x4  
  52  6:43  Zergling x4  
  52  6:44  Zergling x2  
  52  6:45  Zergling x4  
  52  6:46  Zergling x2  
  58  6:47  Baneling x2  
  58  6:48  Zergling x2  
  60  6:54  Zergling x4  
  60  6:59  Zergling x2  
  60  7:04  Zergling x4  
  60  7:08  Zerg Ground Armor Level 1  
  60  7:10  Zergling x2  
  60  7:13  Baneling x4  
  60  7:15  Drone x5  
  63  7:21  Overlord x2  
  64  7:32  Baneling x3, Roach  
  64  7:34  Overlord  
  65  7:39  Roach  
  65  7:40  Roach x4  
  70  7:46  Roach  
  70  7:47  Roach x2  
  70  7:51  Roach x3  
  80  7:54  Roach  
  80  7:55  Roach  
  80  7:57  Roach  
  80  8:01  Roach x2  
  80  8:03  Roach  
  80  8:06  Zergling x4  
  80  8:12  Roach x2  
  77  8:13  Zergling x2  
  77  8:14  Zergling x2  
  77  8:16  Roach  
  77  8:19  Roach  
  76  8:21  Roach  
  76  8:26  Queen  
  70  8:33  Roach x2  
  71  8:34  Roach  
  71  8:37  Overseer  
  71  8:39  Glial Reconstitution  
  73  8:43  Drone x2  
  73  8:48  Zergling x4  
  75  8:53  Drone x2  
  75  8:54  Drone  
  77  8:58  Roach  
  77  8:59  Roach  
  75  9:08  Ravager x2  
  77  9:10  Roach x2  
  77  9:13  Roach x2  
  85  9:17  Roach  
  85  9:21  Ravager x2  
  85  9:23  Overlord  
  89  9:34  Overlord x2  
  87  9:43  Roach x2, Hatchery  
  87  9:44  Zergling x8  
  83  9:46  Zergling x2  
Show
View Real Time Build Order
Export as new Build Order

Worming Zerg - Winner!

Build Orders: Hatch First 

Get SALT Encoding   

  12  0:01  Drone  
  13  0:12  Overlord  
  13  0:17  Drone  
  14  0:31  Drone  
  14  0:32  Drone  
  14  0:35  Drone  
  17  0:52  Hatchery  
  17  0:55  Drone  
  17  1:03  Drone  
  17  1:04  Extractor  
  17  1:14  Spawning Pool  
  17  1:17  Drone  
  17  1:23  Drone  
  18  1:29  Drone  
  19  1:41  Drone  
  20  1:55  Overlord  
  20  2:03  Queen  
  20  2:04  Zergling x2  
  20  2:06  Queen  
  20  2:07  Zergling x2  
  26  2:10  Metabolic Boost  
  26  2:19  Drone x2  
  28  2:28  Drone x2  
  30  2:40  Drone x2  
  30  2:42  Queen  
  30  2:43  Overlord  
  34  2:54  Zergling x2  
  34  2:55  Zergling x2  
  36  2:59  Spine Crawler  
  35  3:10  Zergling x2  
  35  3:11  Zergling x4  
  38  3:36  Drone x6  
  44  3:42  Evolution Chamber  
  44  3:45  Drone  
  44  3:47  Overlord  
  44  3:48  Hatchery  
  43  4:03  Drone  
  43  4:04  Baneling Nest  
  43  4:09  Zerg Missile Weapons Level 1  
  43  4:13  Extractor  
  43  4:15  Extractor  
  43  4:16  Drone x3  
  44  4:18  Drone x3  
  44  4:19  Overlord  
  47  4:24  Overlord  
  47  4:26  Drone  
  47  4:27  Drone  
  48  4:35  Lair  
  48  4:38  Zergling x2  
  48  4:39  Zergling x6  
  48  4:40  Roach Warren  
  41  5:10  Drone  
  42  5:17  Zergling x8  
  42  5:18  Zergling x6  
  49  5:26  Roach  
  49  5:27  Roach x8  
  49  5:28  Spine Crawler  
  55  5:45  Roach x2  
  55  5:46  Roach x3  
  63  5:56  Queen  
  61  5:59  Drone  
  62  6:06  Glial Reconstitution  
  52  6:38  Roach  
  52  6:39  Roach x8  
  70  6:43  Zergling x2  
  70  6:47  Zergling x4  
  69  7:10  Roach x6  
  69  7:15  Zergling x6  
  74  7:19  Baneling x4  
  74  7:21  Overlord  
  60  8:09  Roach  
  60  8:10  Roach x11  
  60  8:11  Overlord x3  
  81  8:13  Roach  
  78  8:28  Ravager  
  78  8:34  Roach x6  
  84  8:40  Ravager  
  79  8:55  Ravager  
  78  8:56  Roach x2  
  78  9:00  Drone  
  78  9:01  Drone  
  78  9:02  Drone x4  
  88  9:15  Ravager  
  89  9:19  Ravager  
  89  9:20  Zergling x2  
  89  9:21  Zergling x14  
  98  9:33  Zergling x2  
  98  9:34  Zergling x14  
Tags
 
Add a new tag
Caveats
  • Supply blocks, unpowered buildings, or Contaminate may cause inaccurate times.
  • Supply counts are checked every 10 seconds.